 Dungeon Crawl Stone Soup version 0.23.2-1-ga50397a (webtiles) character file.

Game seed: 10852687342598245017

32 sankara the Skirmisher (level 3, -2/31 HPs)
             Began as a Ghoul Monk on May 4, 2019.
             Slain by a crimson imp (3 damage)
             ... summoned by Natasha
             ... on level 2 of the Dungeon.
             The game lasted 00:03:35 (826 turns).

sankara the Skirmisher (Ghoul Monk)                  Turns: 826, Time: 00:03:36

Health: -2/31      AC:  3    Str: 14    XL:     3   Next: 27%
Magic:  2/2        EV: 12    Int:  6    God:
Gold:   55         SH:  0    Dex: 11    Spells: 2/2 levels left

rFire    . . .     SeeInvis .   a - +0 whip
rCold    + . .     Gourm    .   (no shield)
rNeg     + + +     Faith    .   l - +0 leather armour
rPois    ∞         Spirit   .   (no helmet)
rElec    .         Reflect  .   (no cloak)
rCorr    .         Harm     .   (no gloves)
MR       .....                  (no boots)
Stlth    ++........             (no amulet)
HPRegen  0.00/turn              i - ring of wizardry {Wiz+, !d}
MPRegen  0.08/turn              (no ring)

@: rotting
A: rotting body, claws 1, carnivore, cold resistance 1, negative energy
resistance 3, inhibited regeneration, torment resistance, unbreathing
a: no special abilities


You were on level 2 of the Dungeon.
You were not hungry.

You visited 1 branch of the dungeon, and saw 2 of its levels.

You collected 55 gold pieces.

Inventory:

Hand Weapons
 a - a +0 whip (weapon)
   (You took it off a kobold on level 1 of the Dungeon)
Missiles
 g - 63 stones (quivered)
 k - 6 javelins
Armour
 l - a +0 leather armour (worn)
   (You found it on level 1 of the Dungeon)
Jewellery
 i - a ring of wizardry (left claw) {Wiz+, !d}
   (You took it off a kobold on level 1 of the Dungeon)
Scrolls
 d - a scroll of identify {unknown}
 e - a scroll of teleportation {unknown}
 h - a scroll of amnesia {unknown}
 j - a scroll of enchant armour {unknown}
Potions
 f - a potion of curing
Comestibles
 b - 7 chunks of flesh {@w0}
 c - 3 rations


   Skills:
 + Level 3.6 Fighting
 * Level 3.2 Maces & Flails
 + Level 0.2 Armour
 + Level 2.9 Dodging
 + Level 2.6 Stealth


You had 2 spell levels left.
You didn't know any spells.
Your spell library was empty.

Dungeon Overview and Level Annotations

Branches:
Dungeon (2/15)

Altars:
Elyvilon
Yredelemnul
The Shining One

Annotations:
D:2 Natasha


Innate Abilities, Weirdness & Mutations

Your body is rotting away.
You thrive on raw meat.
You are immune to poison.
You have sharp fingernails.
You are carnivorous and can eat meat at any time.
Your flesh is cold resistant. (rC+)
You are immune to negative energy. (rN+++)
You do not regenerate when monsters are visible.
You are immune to unholy pain and torment.
You can survive without breathing.


Message History

The frilled lizard hisses angrily.
A quokka comes into view.
A giant cockroach comes into view.
Found a stone staircase leading up.
You barely miss the frilled lizard.
The frilled lizard hisses.
The frilled lizard bites you but does no damage.
You closely miss the frilled lizard. The frilled lizard bites you.
You hit the frilled lizard.
You kill the frilled lizard!
The quokka bites you.
You hit the quokka.
The quokka is heavily wounded.
The quokka barely misses you.
You closely miss the quokka.
The quokka is heavily wounded.
The giant cockroach closely misses you. The quokka barely misses you.
The giant cockroach closely misses you.
You hit the quokka.
You kill the quokka!
The giant cockroach bites you but does no damage.
You hit the giant cockroach.
The giant cockroach is severely wounded.
The giant cockroach bites you.
You hit the giant cockroach but do no damage.
The giant cockroach is severely wounded.
The giant cockroach barely misses you.
You barely miss the giant cockroach.
The giant cockroach is severely wounded.
The giant cockroach closely misses you.
You hit the giant cockroach.
The giant cockroach is almost dead.
The giant cockroach bites you but does no damage.
You hit the giant cockroach.
You kill the giant cockroach!
No target in view!
You see here a quokka corpse.
You butcher the quokka corpse.
b - 6 chunks of flesh {@w0} (gained 2)
You see here a quokka skeleton.
You see here a frilled lizard corpse.
You butcher the frilled lizard corpse.
b - 7 chunks of flesh {@w0} (gained 1)
You see here a frilled lizard skeleton.
As you open the door, it creaks loudly!
A giant cockroach comes into view.
You hear an angry hiss.
The giant cockroach bites you.
The giant cockroach bites you but does no damage.
There is an open door here.
You hit the giant cockroach.
The giant cockroach is heavily wounded.
Natasha, Servant of Life and Death comes into view.
The giant cockroach bites you.
You hit the giant cockroach.
You kill the giant cockroach!
Natasha extends her claws.
Natasha casts a spell.
You closely miss the crimson imp. The crimson imp hits you.
You are too injured to fight recklessly!
You are too injured to fight recklessly!
You are too injured to fight recklessly!
You hit the crimson imp.
The crimson imp is moderately wounded.
The crimson imp misses you.
You hit the crimson imp but do no damage.
The crimson imp is lightly wounded.
The crimson imp blinks!
You closely miss Natasha. Natasha closely misses you.
You closely miss Natasha.
Natasha mumbles some strange words.
You barely miss Natasha.
Natasha casts a spell.
You miss Natasha. The crimson imp closely misses you.
The crimson imp blinks!
You hit Natasha.
Natasha is moderately wounded.
Natasha claws you!
The crimson imp blinks!
The crimson imp barely misses you.
You closely miss Natasha.
Natasha is moderately wounded.
Natasha claws you but does no damage.
The crimson imp blinks!
You hit Natasha.
Natasha is moderately wounded.
Natasha claws you but does no damage.
You closely miss Natasha.
Natasha is moderately wounded.
Natasha claws you.
You closely miss Natasha.
Natasha is moderately wounded.
The crimson imp blinks!
Natasha claws you!
* * * LOW HITPOINT WARNING * * *
You aren't carrying any items that you can evoke.
It was a potion of curing.
You feel better. Natasha closely misses you.
You closely miss Natasha.
Natasha is moderately wounded.
Natasha claws you!
* * * LOW HITPOINT WARNING * * *
You closely miss Natasha.
Natasha is moderately wounded.
The crimson imp hits you.
You die...

#.....# #.#### #.....#
... #.#..# ... #.#..#
#.# #.#..# #5# #÷#..#
#§# #.#..# #5# #.#..#
#h#.#####.#..#
#@#..........#
#5#..####.##.#
#######'#..####....#
#............÷.#####
#..............#
#..............#
#..............+
#......####....#########
#.....## ####.....).....


You could see Natasha and 3 crimson imps.

Vanquished Creatures
  A leopard gecko (D:1)
  3 bats
  4 giant cockroaches
  5 goblins
  5 hobgoblins
  A quokka (D:2)
  2 frilled lizards (D:2)
  5 kobolds (D:1)
  2 rats
28 creatures vanquished.

Notes
Turn   | Place    | Note
-------+----------+-------------------------------------------
     0 | D:1      | sankara the Ghoul Monk began the quest for the Orb.
     0 | D:1      | Reached XP level 1. HP: 19/19 MP: 0/0
   171 | D:1      | Reached XP level 2. HP: 23/26 MP: 1/1
   189 | D:1      | Reached skill level 3 in Maces & Flails
   193 | D:1      | HP: 6/26 [kobold/+0 whip (3)]
   676 | D:2      | Reached XP level 3. HP: 29/31 MP: 2/2
   745 | D:2      | Found a basalt altar of Yredelemnul.
   745 | D:2      | Found a white marble altar of Elyvilon.
   746 | D:2      | Found a glowing golden altar of the Shining One.
   808 | D:2      | Noticed Natasha
   823 | D:2      | HP: 3/31 [Natasha (7)]
   825 | D:2      | HP: 1/31 [Natasha (9)]
   826 | D:2      | Slain by a crimson imp

Skill      XL: |  1  2 |
---------------+-------+-----
Maces & Flails | 3 |  3.2
Fighting       | |  3.6
Armour         | |  0.2
Dodging        | |  2.9
Stealth        | |  2.6

Action                   || total
-------------------------++-------
Melee: Mace              ||    30
       Whip              ||    64
  Use: Potion            ||     1
 Stab: Sleeping          ||     2
  Eat: Chunk             ||    10
Armor: Robe              ||     6
       Leather armour    ||    12
Dodge: Dodged            ||    54

Levels and vault maps discovered:
D:1:      kennysheep_arrival_forest, layout_rooms, minmay_tall_x
D:2:      layout_basic, bloody_makhleb, gammafunk_temple_overflow_claw,
          uniq_natasha

Table legend:
 A = Turns spent in this place as a percentage of turns spent in the entire game.
 B = Non-inter-level travel turns spent in this place as a percentage of non-inter-level travel turns spent in the entire game.
 C = Inter-level travel turns spent in this place as a percentage of turns spent in this place.
 D = Turns resting spent in this place as a percentage of non-inter-level travel turns spent in this place.
 E = Turns spent auto-exploring this place as a percentage of non-inter-level travel turns spent in this place.
 F = Non-inter-level travel turns spent in this place divided by the number of levels of this place that you've seen.
                   A       B       C       D       E      F
               +-------+-------+-------+-------+-------+----------------------
         Total | 100.0 | 100.0 |   4.5 |   0.0 |  65.7 | 394.5
       Dungeon | 100.0 | 100.0 |   4.5 |   0.0 |  65.7 | 394.5
               +-------+-------+-------+-------+-------+----------------------

Table legend:
 A = Kills in this place as a percentage of kills in entire the game.
 B = Kills by you in this place as a percentage of kills by you in the entire game.
 C = Kills by friends in this place as a percentage of kills by friends in the entire game.
 D = Other kills in this place as a percentage of other kills in the entire game.
 E = Experience gained in this place as a percentage of experience gained in the entire game.
 F = Experience gained in this place divided by the number of levels of this place that you have seen.
                   A       B       C       D       E      F
               +-------+-------+-------+-------+-------+----------------------
         Total | 100.0 | 100.0 |   N/A |   N/A | 100.0 |  23.5
       Dungeon | 100.0 | 100.0 |   N/A |   N/A | 100.0 |  23.5
               +-------+-------+-------+-------+-------+----------------------
